 Dungeon Crawl Stone Soup version 0.31-a0-150-g89dc3ad700 (webtiles) character file.

Game seed: 5289566867285588315

218 mopl the Sneak (level 5, -1/38 HPs)
             Began as a Draconian Enchanter on June 8, 2023.
             Was an Initiate of Dithmenos.
             Slain by a mummy (13 damage)
             ... in an ossuary.
             The game lasted 00:04:46 (2596 turns).

mopl the Sneak (Draconian Enchanter)                Turns: 2596, Time: 00:04:46

Health: -1/38      AC:  6    Str: 10    XL:     5   Next: 63%
Magic:  6/9        EV: 12    Int: 18    God:    Dithmenos [......]
Gold:   181        SH:  0    Dex: 11    Spells: 2/10 levels left

rFire   . . .        v - +1 dagger
rCold   . . .        (no shield)
rNeg    . . .        (body armour unavailable)
rPois   +            (helmet restricted)
rElec   .            (no cloak)
rCorr   .            (no gloves)
SInv    .            l - +0 pair of boots
Will    .....        q - amulet of magic regeneration
Stlth   ++           d - ring of flight
HPRegen 0.26/turn    w - ring of poison resistance
MPRegen 0.51/turn

%: no passive effects
@: flying
A: AC +5, unfitting armour, cold-blooded
a: Renounce Religion


You were in an ossuary.
You worshipped Dithmenos.
Dithmenos was noncommittal.
You visited 1 branch of the dungeon, and saw 4 of its levels.
You also visited: Ossuary.

You collected 181 gold pieces.

Inventory:

Hand Weapons
 a - the +9 short sword of Fobb {flame, rF+ rC+ Int-2}
   (You found it on level 3 of the Dungeon)

   Int:       It affects your intelligence (-2).
   rF:        It protects you from fire.
   rC:        It protects you from cold.
 v - a +1 dagger (weapon)
Missiles
 p - 2 boomerangs
Armour
 l - a +0 pair of boots (worn)
Jewellery
 d - a ring of flight (left hand)
 q - an amulet of magic regeneration (around neck)
 w - a ring of poison resistance (right hand)
Wands
 t - a wand of quicksilver (2)
Scrolls
 c - 2 scrolls of teleportation {unknown}
 e - a scroll of fear {unknown}
 f - a scroll of poison {unknown}
 g - a scroll of amnesia {unknown}
 m - 4 scrolls of identify {unknown}
 n - a scroll of enchant armour {unknown}
 o - a scroll of magic mapping {unknown}
 r - 2 scrolls of blinking {unknown}
 s - 3 scrolls of vulnerability {unknown}
 x - a scroll of summoning {unknown}
Potions
 b - 2 potions of invisibility
 h - a potion of attraction {unknown}
 i - a potion of heal wounds {unknown}
 j - a potion of cancellation {unknown}
 k - a potion of mutation {unknown}
 u - a potion of lignification {unknown}


   Skills:
 + Level 2.8 Short Blades
 - Level 1.7 Dodging
 + Level 3.8 Stealth
 + Level 3.1 Spellcasting
 + Level 3.7 Hexes


You had 2 spell levels left.
You knew the following spells:

 Your Spells              Type           Power      Damage    Failure   Level
b - Ensorcelled Hibernat  Hex/Ice        18%        N/A       11%         2
c - Confusing Touch       Hex            16%        N/A       11%         3
d - Tukima's Dance        Hex            16%        N/A       11%         3

Your spell library contained the following spells:

 Spells                   Type           Power      Damage    Failure   Level
 Foxfire                  Conj/Fire      8%         2x1d4     16%         1
 Dazzling Flash           Conj/Hex       18%        N/A       22%         3
 Fireball                 Conj/Fire      1%         3d3       99%         5
 Plasma Beam              Fire/Air       1%         2x1d11    100%        6
 Starburst                Conj/Fire      1%         6d3       100%        6


Dungeon Overview and Level Annotations

Branches:
Dungeon (4/15)            Ossuary (1/1)
 Temple: D:4-7

Altars:
Dithmenos
Gozag
Hepliaklqana
Nemelex Xobeh
Qazlal
Uskayaw
Vehumet
Zin


Innate Abilities, Weirdness & Mutations

Your plain brown scales are hard. (AC +5)
You cannot fit into any form of body armour.
You are cold-blooded and may be slowed by cold attacks.


Message History

The mummy is moderately damaged.
The mummy misses you.
You hit the mummy.
The mummy is heavily damaged.
You hit the mummy.
The mummy is heavily damaged.
The mummy hits you!
You barely miss the mummy.
You tail-slap the mummy, but do no damage.
The mummy is heavily damaged.
You barely miss the mummy. You tail-slap the mummy.
The mummy is heavily damaged.
The mummy misses you.
You hit the mummy.
The mummy is severely damaged.
You hit the mummy but do no damage.
The mummy is severely damaged.
The mummy hits you!
* * * LOW HITPOINT WARNING * * *
You are too injured to fight recklessly!
You are too injured to fight recklessly!
You are too injured to fight recklessly!
You are too injured to fight recklessly!
You are too injured to fight recklessly!
You are too injured to fight recklessly!
You are too injured to fight recklessly!
You are too injured to fight recklessly!
You are too injured to fight recklessly!
You are too injured to fight recklessly!
You are too injured to fight recklessly!
You are too injured to fight recklessly!
You hit the mummy.
The mummy is severely damaged.
Casting: Confusing Touch (dangerous; 11% risk of failure)
Confirm with . or Enter, or press ? or * to list all spells.
Your hands begin to glow red.
The mummy misses you.
You hit the mummy but do no damage.
The mummy appears confused.
The mummy is severely damaged.
The mummy hits you!
You die...

#.#.#.#.#
........# #####
........# ##...##
........###.....##
.................#
............∩.∩..#
.................#
........###.....##
.......@# ##...##
.......M# #####
#.#.#.#.# # #
#####


You could see a mummy (confused).

Vanquished Creatures
  2 centaur zombies (Ossuary)
  A human zombie (Ossuary)
  An iguana (D:3)
  Robin (D:2)
  An adder (D:3)
  3 dart slugs
  2 orcs (D:3)
  5 endoplasms
  2 giant cockroaches
  A gnoll zombie (Ossuary)
  14 goblins
  8 hobgoblins
  5 ball pythons
  5 bats
  3 frilled lizards
  A goblin zombie (Ossuary)
  5 kobolds
  2 orc zombies (Ossuary)
  4 rats
66 creatures vanquished.

Notes
Turn   | Place    | Note
-------+----------+-------------------------------------------
     0 | D:1      | mopl the Draconian Enchanter began the quest for the Orb.
     0 | D:1      | Reached XP level 1. HP: 14/14 MP: 3/3
   165 | D:1      | Reached XP level 2. HP: 14/20 MP: 5/5
   168 | D:1      | Learned a level 2 spell: Ensorcelled Hibernation
   368 | D:1      | Found a faded altar of an unknown god.
   684 | D:2      | Reached skill level 3 in Stealth
   712 | D:2      | Reached skill level 3 in Hexes
   739 | D:2      | Reached XP level 3. HP: 18/26 MP: 6/6
   743 | D:2      | Learned a level 3 spell: Confusing Touch
   796 | D:2      | Noticed Robin
  1244 | D:2      | Killed Robin
  1245 | D:2      | Reached skill level 2 in Short Blades
  1634 | D:3      | Reached XP level 4. HP: 33/33 MP: 7/7
  1638 | D:3      | Learned a level 3 spell: Tukima's Dance
  1941 | D:3      | Found a hazy altar of Hepliaklqana.
  1973 | D:3      | Found a hide-covered altar of Uskayaw.
  2072 | D:3      | Found a stormy altar of Qazlal.
  2072 | D:3      | Found a shadowy altar of Dithmenos.
  2078 | D:3      | Found an opulent altar of Gozag.
  2082 | D:3      | Became a worshipper of Dithmenos the Shadowed
  2084 | D:3      | Found a radiant altar of Vehumet.
  2087 | D:3      | Found a sparkling altar of Nemelex Xobeh.
  2092 | D:3      | Found a glowing silver altar of Zin.
  2096 | D:3      | Identified the +9 short sword of Fobb {flame, rF+ rC+
                  | Int-2}
  2305 | D:4      | Found a sand-covered staircase.
  2317 | Ossuary  | Entered an ossuary
  2369 | Ossuary  | Reached skill level 3 in Spellcasting
  2369 | Ossuary  | Reached XP level 5. HP: 15/38 MP: 9/9
  2596 | Ossuary  | Slain by a mummy

Illustrated notes

Levels and vault maps discovered:
D:1:      beargit_arrival_diablo_church, layout_rooms,
          ebering_ecumenical_altar_ruins, serial_curves, eino_curves_02,
          eino_curves_04, eino_curves_03
D:2:      layout_rooms, uniq_robin
D:3:      minmay_razor_zed, layout_basic, nicolae_overflow_hallway_of_the_gods,
          mainiacjoe_overflow_24_doors, lemuel_doored_altar
D:4:      layout_loops_ring, enter_ossuary_5, serial_bayou_crossing,
          uniq_natasha
Ossuary:  minmay_ossuary_gauntlet

Skill      XL: |  1  2  3  4 |
---------------+-------------+-----
Stealth        | 3 |  3.8
Hexes          | 3 |  3.7
Short Blades   | 2 |  2.8
Spellcasting   | 3 |  3.1
Dodging        | |  1.7

Action                     |  1- 3 |  4- 6 || total
---------------------------+-------+-------++-------
  Melee: Dagger            |   164 |   125 ||   289
         Tailslap          |    12 |    23 ||    35
         Punch             |     1 |     3 ||     4
   Cast: Ensorcelled Hiber |     9 |     8 ||    17
         Confusing Touch   |       |     3 ||     3
   Stab: Sleeping          |    13 |     6 ||    19
 Armour: Skin              |    43 |    37 ||    80
  Dodge: Dodged            |    92 |    76 ||   168

Table legend: (Time is in decaauts)
 A = Elapsed time spent in this place.
 B = Non-inter-level travel time spent in this place.
 C = Inter-level travel time spent in this place.
 D = Time resting spent in this place.
 E = Time spent auto-exploring this place.
 F = Levels seen in this place.
 G = Mean time per level.
                   A        B        C        D        E       F      G
               +--------+--------+--------+--------+--------+-----+--------+
         Total |   2570 |   2506 |     64 |    384 |   1383 |   5 |  514.0 |
       Dungeon |   2304 |   2240 |     64 |    263 |   1382 |   4 |  576.0 |
       Ossuary |    266 |    266 |      0 |    121 |      1 |   1 |  266.0 |
               +--------+--------+--------+--------+--------+-----+--------+

Top non-repeatable levels by time:
     D:3: 843 daAuts
     D:1: 777 daAuts
     D:2: 618 daAuts
 Ossuary: 266 daAuts
     D:4: 65 daAuts
